[Event "V Sunway Sitges Open 2018"]
[Site "Sitges"]
[Date "2018.12.19"]
[Round "6"]
[White "Varela La Madrid, Tilsia Carolina"]
[Black "Perez Bolanos, Joel"]
[Result "1-0"]
[ECO "B22"]
[WhiteElo "2049"]
[BlackElo "1717"]
[Annotator "NA"]
[PlyCount "59"]
[EventDate "2018.12.14"]
[EventType "swiss"]
[EventCountry "ESP"]
[SourceTitle "playchess.com"]
[Source "ChessBase"]
[SourceQuality "1"]
[TimeControl "40/5400+30:1800+30"]

1. e4 c5 2. c3 Nf6 3. e5 Nd5 4. d4 cxd4 5. Nf3 e6 6. cxd4 d6 7. Bc4 Nb6 8. Bd3 Be7 9. O-O Nc6 10. Nc3 Bd7 11. Bf4 d5 12. Rc1 a6 13. Qe2 Qc7 14. Rfd1 O-O-O 15. a3 Rdg8 16. b4 g5 17. Be3 g4 18. Ne1 f6 19. b5 axb5 20. Nxb5 Qb8 21. exf6 Bxf6 22. g3 Bg5 23. Ng2 Kd8 24. Bf4 Bxf4 25. Nxf4 e5 26. dxe5 Nxe5 27. Qe3 Nbc4 28. Bxc4 dxc4 29. Ne6+ Ke7 30. Nec7 1-0

[Event "V Sunway Sitges Open 2018"]
[Site "Sitges"]
[Date "2018.12.19"]
[Round "6"]
[White "Pedashenko, Anatoly"]
[Black "Walter Travella, German"]
[Result "0-1"]
[ECO "B32"]
[WhiteElo "1985"]
[BlackElo "1917"]
[Annotator "NA"]
[PlyCount "66"]
[EventDate "2018.12.14"]
[EventType "swiss"]
[EventCountry "ESP"]
[SourceTitle "playchess.com"]
[Source "ChessBase"]
[SourceQuality "1"]
[TimeControl "40/5400+30:1800+30"]

1. e4 c5 2. Nf3 Nc6 3. d4 cxd4 4. Nxd4 e5 5. Nb5 a6 6. Nd6+ Bxd6 7. Qxd6 Qf6 8. Qd1 Qg6 9. Nc3 Nf6 10. f3 d5 11. Nxd5 Nxd5 12. Qxd5 Be6 13. Qc5 Nd4 14. Kf2 Rc8 15. Qxe5 Rxc2+ 16. Ke3 Nc6 17. Qd6 Qg5+ 18. f4 Qa5 19. Bd2 Qb6+ 20. Kd3 Bc4+ 21. Kxc2 Nd4+ 22. Qxd4 Qxd4 23. Re1 Bxa2 24. Bd3 Qa4+ 25. Kc1 O-O 26. Bc3 Rd8 27. Re3 Bc4 28. Bb1 Bb3 29. Rhe1 b5 30. Rd3 Rxd3 31. Bxd3 b4 32. Be5 f6 33. Bb8 Qe8 0-1

[Event "V Sunway Sitges Open 2018"]
[Site "Sitges"]
[Date "2018.12.19"]
[Round "6"]
[White "Lopez Capape, Armando"]
[Black "Perez Bolanos, David"]
[Result "0-1"]
[ECO "A29"]
[WhiteElo "1827"]
[BlackElo "1747"]
[Annotator "NA"]
[PlyCount "68"]
[EventDate "2018.12.14"]
[EventType "swiss"]
[EventCountry "ESP"]
[SourceTitle "playchess.com"]
[Source "ChessBase"]
[SourceQuality "1"]
[TimeControl "40/5400+30:1800+30"]

1. c4 e5 2. Nc3 Nc6 3. Nf3 Nf6 4. g3 d6 5. Bg2 g6 6. O-O Bg7 7. d3 O-O 8. Rb1 a5 9. a3 Be6 10. Bg5 Qd7 11. b4 axb4 12. axb4 Nh5 13. Bd2 h6 14. b5 Ne7 15. Ne1 Rab8 16. e4 Bh3 17. Nc2 Bxg2 18. Kxg2 f5 19. f3 Rf7 20. Qe2 Rbf8 21. Nd5 Nxd5 22. cxd5 Kh7 23. Bc3 Bh8 24. d4 fxe4 25. fxe4 exd4 26. Bxd4 Be5 27. Bxe5 dxe5 28. Ne3 Nf4+ 29. gxf4 exf4 30. Nf5 gxf5 31. Rxf4 Re8 32. Rbf1 Qxd5 33. Rxf5 Rxf5 34. Rxf5 Qxf5 0-1

[Event "V Sunway Sitges Open 2018"]
[Site "Sitges"]
[Date "2018.12.19"]
[Round "6"]
[White "May Freixa, Josep"]
[Black "Bolat, Ikhsan"]
[Result "1-0"]
[ECO "A22"]
[WhiteElo "1749"]
[BlackElo "1502"]
[Annotator "NA"]
[PlyCount "73"]
[EventDate "2018.12.14"]
[EventType "swiss"]
[EventCountry "ESP"]
[SourceTitle "playchess.com"]
[Source "ChessBase"]
[SourceQuality "1"]
[TimeControl "40/5400+30:1800+30"]

1. c4 e5 2. Nc3 Nf6 3. g3 d5 4. cxd5 Nxd5 5. Bg2 Nxc3 6. bxc3 Bc5 7. d3 O-O 8. Nf3 Nc6 9. O-O Be6 10. Ng5 h6 11. Nxe6 fxe6 12. Qb3 Qf6 13. e3 Na5 14. Qb5 Bb6 15. d4 exd4 16. cxd4 Rae8 17. Ba3 Rf7 18. Bb4 c6 19. Qa4 Nc4 20. Bc3 Nd6 21. Qc2 Qe7 22. a4 Bc7 23. Bb4 Qg5 24. f4 Qf5 25. e4 Qg6 26. Rae1 h5 27. f5 Qh6 28. Bh3 exf5 29. e5 Nc8 30. Bxf5 Kh8 31. Bg6 Rxf1+ 32. Kxf1 Re6 33. Bf7 Rf6+ 34. exf6 Qxf6+ 35. Qf2 Qxf2+ 36. Kxf2 Nd6 37. Bg6 1-0

[Event "V Sunway Sitges Open 2018"]
[Site "Sitges"]
[Date "2018.12.19"]
[Round "6"]
[White "Anirudh Daga"]
[Black "Knipfer, Andreas"]
[Result "0-1"]
[ECO "B43"]
[WhiteElo "1356"]
[BlackElo "1962"]
[Annotator "NA"]
[PlyCount "52"]
[EventDate "2018.12.14"]
[EventType "swiss"]
[EventCountry "ESP"]
[SourceTitle "playchess.com"]
[Source "ChessBase"]
[SourceQuality "1"]
[TimeControl "40/5400+30:1800+30"]

1. e4 c5 2. Nf3 e6 3. d4 cxd4 4. Nxd4 a6 5. Nc3 Qc7 6. Bd3 Nc6 7. Nxc6 dxc6 8. Qe2 e5 9. O-O Nf6 10. Bg5 Be7 11. Kh1 h6 12. Bxf6 Bxf6 13. a4 Be6 14. a5 O-O 15. Rfd1 Rad8 16. Kg1 Rd4 17. h3 Rfd8 18. Qf3 Be7 19. Ne2 R4d7 20. c3 Bb3 21. Ng3 Bxd1 22. Rxd1 Qxa5 23. Nf5 Bf8 24. Kh2 Qc7 25. h4 g6 26. Qg3 Kh7 0-1

[Event "V Sunway Sitges Open 2018"]
[Site "Sitges"]
[Date "2018.12.20"]
[Round "7"]
[White "Garriga Cazorla, Pere"]
[Black "Bharath, Subramaniyam H"]
[Result "1-0"]
[ECO "A05"]
[WhiteElo "2448"]
[BlackElo "2234"]
[Annotator "NA"]
[PlyCount "125"]
[EventDate "2018.12.14"]
[EventType "swiss"]
[EventCountry "ESP"]
[SourceTitle "playchess.com"]
[Source "ChessBase"]
[SourceQuality "1"]
[TimeControl "40/5400+30:1800+30"]

1. Nf3 Nf6 2. c4 b6 3. Nc3 Bb7 4. d4 g6 5. Qc2 {[%emt 0:00:00] A50: Queen's Fianchetto Defence (1 d4 Nf6 2 c4 b6)} (5. g3 Bg7 6. Bg2 O-O 7. O-O e6 8. Bf4 d6 9. Qc2 Nbd7 10. Rad1 Qe7 11. e4 e5 12. Bc1 Rfe8 13. Nd5 Nxd5 14. cxd5 Rac8 15. dxe5 dxe5 {½-½ (68) Wang,Y (2690)-Mamedyarov,S (2804) chess.com INT 2018}) 5... d5 6. Bg5 dxc4 $146 ({Predecessor:} 6... Bg7 7. cxd5 Nxd5 8. e4 Nxc3 9. bxc3 O-O 10. Rd1 Nd7 11. Be2 h6 12. Bh4 Qe8 {1-0 (48) Berkes,F (2677)-Czebe,A (2451) Gyula 2013}) 7. e4 Bg7 8. Bxc4 O-O 9. Rd1 c5 10. d5 h6 11. Bf4 Nbd7 {[%emt 0:02:19] [#]} 12. h3 $1 a6 13. a4 g5 (13... Ne8 $16) 14. Bh2 Nh5 15. e5 b5 16. axb5 axb5 17. Bxb5 Nb6 18. O-O Nxd5 19. Nxd5 Bxd5 20. Bc4 ({Don't take} 20. Qxc5 $6 e6 $16) 20... e6 21. Bxd5 exd5 22. Qxc5 Qa5 (22... Rc8 $142 23. Qxd5 Qxd5 24. Rxd5 Rc4) 23. Qc2 Rac8 24. Qf5 Qb4 25. Rxd5 Qxb2 26. Rd2 Qb4 27. Rd4 Rc4 28. Rxc4 $18 Qxc4 29. Nxg5 hxg5 30. Qxg5 Qe2 31. g4 f6 32. Qxh5 fxe5 33. Bg3 Rf3 34. Qg5 Rd3 35. Rc1 Rd1+ 36. Rxd1 Qxd1+ 37. Kh2 Qf3 38. Qe3 Qf7 39. Qe4 Qe6 40. h4 Kf7 41. Kh3 Qa6 42. Qf5+ Kg8 43. h5 Qc6 44. Kh2 e4 45. g5 Qe8 46. h6 Bf8 47. Kg2 e3 48. Qd5+ Kh7 49. Qd3+ Qg6 50. Qxe3 Qc6+ 51. f3 Qc2+ 52. Kh3 Qf5+ 53. Kh4 Qf7 54. Qe4+ Kg8 55. h7+ Kh8 56. Be5+ Bg7 57. Bxg7+ Kxg7 58. g6 Qf6+ 59. Kg4 Qf8 60. f4 Qd8 61. h8=Q+ Kxh8 62. Qh1+ Kg7 63. Qh7+ 1-0

[Event "V Sunway Sitges Open 2018"]
[Site "Sitges"]
[Date "2018.12.20"]
[Round "7"]
[White "Pranav Anand"]
[Black "Wang, Kevin"]
[Result "0-1"]
[ECO "E10"]
[WhiteElo "2274"]
[BlackElo "2449"]
[Annotator "ChessBase"]
[PlyCount "76"]
[EventDate "2018.12.14"]
[EventType "swiss"]
[EventCountry "ESP"]
[SourceTitle "playchess.com"]
[Source "ChessBase"]
[SourceQuality "1"]
[TimeControl "40/5400+30:1800+30"]

1. d4 Nf6 2. c4 e6 3. Nf3 d5 4. g3 Bb4+ 5. Bd2 Bd6 6. Nc3 O-O 7. Bg5 Be7 8. Bg2 Nbd7 9. O-O c6 10. Qc2 dxc4 11. Nd2 Nb6 12. e3 e5 13. dxe5 Ng4 14. Bxe7 Qxe7 15. Na4 Nxa4 16. Qxa4 Nxe5 17. Qc2 Be6 18. Qc3 Rad8 19. Qxe5 Rxd2 20. Rfd1 Rxd1+ 21. Rxd1 Rd8 22. Rxd8+ Qxd8 23. h4 h6 24. Be4 a5 25. a3 Bd5 26. Bc2 b5 27. h5 b4 28. axb4 axb4 29. Qf5 b3 30. Bb1 Kf8 31. Kh2 Qe8 32. e4 Be6 33. Qc5+ Kg8 34. Qd6 f6 35. Kg2 Bg4 36. Qc5 Bxh5 37. Qxc4+ Bf7 38. f4 Bxc4 0-1

[Event "V Sunway Sitges Open 2018"]
[Site "Sitges"]
[Date "2018.12.20"]
[Round "7"]
[White "Sanchez Lopez, Juan Manuel"]
[Black "Kholopov, Alexander A."]
[Result "0-1"]
[ECO "A13"]
[WhiteElo "2065"]
[BlackElo "2210"]
[Annotator "NA"]
[PlyCount "80"]
[EventDate "2018.12.14"]
[EventType "swiss"]
[EventCountry "ESP"]
[SourceTitle "playchess.com"]
[Source "ChessBase"]
[SourceQuality "1"]
[TimeControl "40/5400+30:1800+30"]

1. c4 e6 2. e4 c5 3. Nc3 Nc6 4. g3 Nf6 5. Bg2 d5 6. cxd5 {[%emt 0:03:25] A19: English Opening: Flohr-Mikenas System with 3...c5} (6. exd5 exd5 7. cxd5 Nb4 8. d3 Nfxd5 9. Nxd5 Nxd5 10. Ne2 Be7 11. O-O O-O 12. d4 cxd4 13. Nxd4 Bf6 14. Re1 a6 15. Be4 h6 16. Nf5 Bxf5 17. Bxf5 Ne7 18. Be4 Nc6 {½-½ (32) Lovkov,R (2414)-Safarli,E (2607) St Petersburg 2010}) 6... exd5 7. Nge2 d4 8. Nd5 $146 ({Predecessor:} 8. Nb1 Nb4 9. Nf4 g5 10. Nh3 Bxh3 11. Bxh3 Nd3+ 12. Ke2 Nxe4 13. Rf1 Nxc1+ 14. Qxc1 d3+ 15. Kf3 Qd5 16. Re1 f5 17. g4 Kf7 18. b3 Nc3+ 19. Ke3 f4# {0-1 (19) Beck Erlach,M-Piroli,M Germany 1995}) 8... Nxd5 9. exd5 Nb4 10. O-O Nxd5 11. Qb3 Nb6 12. Nf4 Be7 13. a4 Rb8 14. a5 Nd7 15. Nd5 O-O 16. Nxe7+ Qxe7 17. d3 Ne5 18. Bf4 g5 19. Bxg5 $11 (19. Bxe5 $5 Qxe5 20. Rae1 $11) 19... Qxg5 20. f4 Be6 21. Qc2 Qh5 22. fxe5 Qxe5 23. Rae1 Qg5 24. Rf4 b6 25. Rfe4 Qg6 26. Re5 Rbe8 27. Qd2 h6 28. Qf4 Kg7 29. Qh4 Bd7 30. Rxe8 Rxe8 31. Rxe8 Bxe8 32. Be4 Qg5 33. Qh3 Qc1+ 34. Kg2 Qxb2+ 35. Kf3 Qc1 36. Qc8 Qf1+ 37. Kg4 Ba4 38. axb6 Bd1+ 39. Kh4 axb6 40. Bf5 Qf3 0-1

[Event "V Sunway Sitges Open 2018"]
[Site "Sitges"]
[Date "2018.12.20"]
[Round "7"]
[White "Walter Travella, German"]
[Black "Martinez Liria, Pedro"]
[Result "1-0"]
[ECO "C41"]
[WhiteElo "1917"]
[BlackElo "1907"]
[Annotator "NA RC"]
[PlyCount "117"]
[EventDate "2018.12.14"]
[EventType "swiss"]
[EventCountry "ESP"]
[SourceTitle "playchess.com"]
[Source "ChessBase"]
[SourceQuality "1"]
[TimeControl "40/5400+30:1800+30"]

1. e4 e5 2. Nf3 d6 3. d4 Nd7 4. c3 Ngf6 {[%emt 0:01:16] C41: Philidor Defence} 5. Bc4 (5. Bd3 Be7 6. O-O O-O 7. Re1 c6 8. h3 Re8 9. a4 Qc7 10. Nbd2 a5 11. Nf1 Bf8 12. Ng3 g6 13. Be3 Bg7 14. Qd2 Nf8 15. Rad1 {½-½ (52) Pakleza,Z (2495)-Panchanathan,M (2486) Badalona 2008}) 5... h6 6. Qb3 Qe7 7. O-O g5 $146 ({Predecessor:} 7... Nxe4 8. Re1 Nef6 9. dxe5 dxe5 10. Bf4 Nc5 11. Qc2 Be6 12. Rxe5 Ncd7 {1-0 (35) Alonso Pardo,D (1581)-Arias Bellido,S (1324) Madrid 2016}) 8. Bd3 Bg7 9. Be3 Nh5 10. Re1 Nf4 11. Bxf4 gxf4 12. Na3 Nf8 13. Nc4 Ng6 14. Na5 O-O 15. Nc4 Bg4 16. Ncd2 Rab8 17. Kf1 Kh8 18. Qa3 a6 19. h3 Bd7 20. Ke2 Rg8 21. Rh1 c5 22. dxc5 dxc5 23. Bc4 b5 24. Bd5 b4 25. Qb3 Rgf8 26. c4 a5 27. Rag1 Rb6 28. Kf1 Rg8 29. h4 Bf6 30. Ng5 Rg7 31. Ndf3 Kg8 32. h5 Nf8 33. Nh3 Ne6 34. g3 a4 35. Qd3 fxg3 36. Rxg3 Nf4 37. Rxg7+ Kxg7 38. Nxf4 exf4 39. Rg1+ Bg5 40. e5 Kf8 41. Qh7 Bh3+ 42. Ke1 Ke8 43. Qg8+ Kd7 44. Nxg5 hxg5 45. Rxg5 Be6 46. h6 Bxd5 47. h7 Rh6 48. cxd5 Rxh7 49. Qxh7 Qxg5 50. Qxf7+ Qe7 51. Qxf4 Kc8 52. Qf5+ $18 Kb7 53. d6 Qh4 54. Qd7+ Kb6 55. Qc7+ Kb5 56. Qb7+ Kc4 57. Qf3 Qh7 58. Kd2 Qb1 59. b3+ {[%emt 0:00:18] Kd5} 1-0

[Event "V Sunway Sitges Open 2018"]
[Site "Sitges"]
[Date "2018.12.20"]
[Round "7"]
[White "Arias Castanedo, Jacinto"]
[Black "Sosa Suarez, Carla Cristina"]
[Result "0-1"]
[ECO "D05"]
[WhiteElo "1811"]
[BlackElo "1939"]
[Annotator "NA"]
[PlyCount "102"]
[EventDate "2018.12.14"]
[EventType "swiss"]
[EventCountry "ESP"]
[SourceTitle "playchess.com"]
[Source "ChessBase"]
[SourceQuality "1"]
[TimeControl "40/5400+30:1800+30"]

1. d4 e6 2. Nf3 d5 3. e3 Nf6 4. Bd3 Nbd7 5. Nbd2 c5 6. c3 Bd6 7. O-O O-O 8. e4 dxe4 9. Nxe4 Nxe4 10. Bxe4 h6 11. Re1 {[%emt 0:05:01] LiveBook: 3 Games B17: Caro-Kann: Modern Line (4...Nd7)} (11. Bc2 Qc7 12. Re1 Rd8 13. h3 Nf6 14. Qe2 cxd4 15. Nxd4 Bh2+ 16. Kh1 Bf4 17. Nb5 Qb8 18. a4 Bd7 19. Bxf4 Qxf4 {½-½ (48) Kamsky,G (2595)-Karpov,A (2730) Tilburg 1991}) 11... Nf6 12. Bc2 Qc7 13. h3 (13. dxc5 $14 Bxc5 14. Ne5) 13... b6 14. Qe2 Bb7 15. dxc5 $146 ({Predecessor:} 15. Be3 Rfd8 16. Rad1 c4 17. Bc1 {0-1 (69) Kirchhammer,R-Funke,E Leipzig 1956}) 15... Bxc5 16. Be3 a5 17. Bxc5 Qxc5 18. Ne5 Qd5 19. f3 Rad8 20. Bb3 Qc5+ 21. Qf2 Qxf2+ 22. Kxf2 Rd2+ 23. Re2 Rfd8 24. Rae1 Ba6 25. Nc4 Rxe2+ 26. Rxe2 a4 27. Rd2 Rxd2+ 28. Nxd2 axb3 29. Nxb3 Nd5 30. g3 Bc4 31. Nc1 Ba6 32. Nb3 Kf8 33. Nd2 Ke7 34. a3 f5 35. c4 Nf6 36. Ke3 e5 37. b3 g6 38. b4 Kd6 39. a4 Nh5 40. Kf2 Nf6 41. Ke3 Ne8 42. Kd3 Nc7 43. Kc3 Bb7 44. Nb3 Bxf3 45. c5+ bxc5 46. Nxc5 $11 Nd5+ 47. Kb3 Nc7 $2 (47... Bd1+ $19 48. Ka3 e4) 48. Nd3 $2 e4 49. Ne1 Bd1+ 50. Ka3 g5 $19 51. Ng2 Nd5 0-1

[Event "V Sunway Sitges Open 2018"]
[Site "Sitges"]
[Date "2018.12.20"]
[Round "7"]
[White "Jenny, Gerald"]
[Black "Orti Boix, Miguel"]
[Result "1/2-1/2"]
[ECO "A85"]
[WhiteElo "1807"]
[BlackElo "1589"]
[Annotator "NA RC"]
[PlyCount "103"]
[EventDate "2018.12.14"]
[EventType "swiss"]
[EventCountry "ESP"]
[SourceTitle "playchess.com"]
[Source "ChessBase"]
[SourceQuality "1"]
[TimeControl "40/5400+30:1800+30"]

1. d4 f5 2. c4 Nf6 3. Nc3 e6 4. Nf3 Be7 5. Bf4 c6 6. Qc2 d5 7. e3 O-O 8. Bd3 Ne4 9. g4 g5 {[%emt 0:12:26] A84: Dutch Defence: 2 c4 Miscellaneous} 10. Be5 Nd7 11. h4 gxh4 12. gxf5 Nxe5 13. Nxe5 exf5 {[%emt 0:00:57] [#]} 14. O-O-O $146 ({Predecessor:} 14. cxd5 Nxc3 15. bxc3 cxd5 16. Qe2 Be6 17. Qh5 {1-0 (29) Khenkin,I (2638)-Vladimirov,V (2109) Tashkent 2013}) 14... Be6 15. c5 Bf6 16. Nf3 a5 17. Rh2 Kh8 18. Rdh1 Rg8 19. Nxh4 Bxh4 20. Ne2 Rg7 21. Rxh4 Qg5 22. R4h2 Nxf2 23. Nf4 Nxh1 24. Rxh1 Rf8 25. Kd2 Bd7 26. Kc3 Re7 27. Qf2 Rg8 28. Rh3 Rgg7 29. Nh5 Rgf7 30. Nf4 Rg7 31. Nh5 Qg1 32. Qh4 Qg4 33. Nxg7 Qxh4 34. Rxh4 Rxg7 35. Rf4 Rg3 36. Kd2 Rg2+ 37. Kc3 Rg5 38. a3 Kg7 39. b4 axb4+ 40. Kxb4 Kf6 41. Ka5 Rg3 42. a4 Rxe3 43. Bc2 Re2 44. Bd1 Rb2 45. Rh4 Kg7 46. Rh3 f4 47. Rh1 $2 (47. Rh4 $17 {was the only defense.}) 47... h6 $2 (47... Rb1 48. Rxh7+ {[%mdl 64] Decoy} Kxh7 49. Bc2+ Kh6 50. Bxb1 Kg5) 48. Rf1 $2 (48. Rh4 $17 {nothing else works.}) 48... Rb1 (48... Bf5 $19 49. Rxf4 Kg6) 49. Be2 Rb2 $2 ({Better is} 49... Rxf1 $19 50. Bxf1 h5) 50. Bd1 Rd2 $2 51. Kb6 Rxd4 52. Kxb7 $11 1/2-1/2

[Event "V Sunway Sitges Open 2018"]
[Site "Sitges"]
[Date "2018.12.20"]
[Round "7"]
[White "Rocher Gonzalez, Vicenc"]
[Black "Lopez Capape, Armando"]
[Result "0-1"]
[ECO "A10"]
[WhiteElo "1798"]
[BlackElo "1827"]
[Annotator "NA RC"]
[PlyCount "138"]
[EventDate "2018.12.14"]
[EventType "swiss"]
[EventCountry "ESP"]
[SourceTitle "playchess.com"]
[Source "ChessBase"]
[SourceQuality "1"]
[TimeControl "40/5400+30:1800+30"]

1. c4 b6 2. Nc3 e6 3. Nf3 {[%emt 0:01:41] A10: English Opening: Unusual Replies for Black} (3. e4 Bb7 4. Nf3 Bb4 5. Bd3 Ne7 6. O-O Bxc3 7. bxc3 d6 8. Bc2 Nd7 9. d4 e5 10. Re1 O-O 11. Nd2 Ng6 12. Nf1 h6 13. Ng3 Kh7 {1-0 (33) Caruana,F (2802)-Hou,Y (2652) chess.com INT 2017}) 3... f5 4. g3 Bb7 5. Bg2 Nf6 6. d3 Be7 7. O-O O-O 8. Re1 d5 $146 ({Predecessor:} 8... Qe8 9. Bf4 d6 10. e4 e5 11. Be3 fxe4 12. Ng5 Qg6 13. Ngxe4 Nxe4 14. dxe4 {½-½ (63) Brunello,S (2575)-Rombaldoni,A (2459) Perugia 2011}) 9. Ne5 Nbd7 10. Bf4 Nxe5 11. Bxe5 Ng4 12. d4 Nxe5 13. dxe5 c6 14. cxd5 cxd5 15. Nb5 Qd7 16. Qd3 Ba6 17. a4 Bxb5 18. axb5 Qc7 19. f4 Rfc8 20. Red1 Qc2 ({Black should try} 20... Qc5+ $15 21. e3 Qc2) 21. b3 Rc3 (21... Qxd3 $15 22. Rxd3 Rc5) 22. Qxc2 Rxc2 23. Kf1 Rc5 24. Rac1 Rac8 25. Ra1 R8c7 26. Rd3 Rxb5 27. Ke1 a5 28. Bf1 Bb4+ 29. Kf2 Rbc5 30. Rb1 Kf8 31. Kf3 h6 32. g4 g6 33. gxf5 gxf5 34. Kg3 Rc1 35. Rxc1 Rxc1 36. Bg2 Rc3 37. Bf3 b5 38. Rxc3 Bxc3 39. e3 a4 40. bxa4 bxa4 41. Bd1 a3 42. Bb3 Be1+ 43. Kf3 Ke7 44. Ke2 Bh4 45. Kd3 Kd7 46. Kc2 Bf2 47. Kd3 Kc6 48. h3 Kb5 49. Ke2 Bh4 50. Kd3 Kb4 51. Ba2 Bd8 52. Kc2 Bb6 53. Kd3 Bc5 54. Kd2 Kb5 55. Kd3 Kc6 56. Ke2 Kd7 57. h4 h5 58. Kf3 Be7 59. Kg3 Kc6 60. Bb3 Kc5 61. Ba2 Kb4 62. e4 fxe4 63. f5 exf5 64. Bxd5 e3 65. Kf3 f4 66. Ke2 Bxh4 67. Kd3 Be7 68. Kc2 h4 69. Bg2 e2 0-1

[Event "V Sunway Sitges Open 2018"]
[Site "Sitges"]
[Date "2018.12.20"]
[Round "7"]
[White "Isaksson, Philip"]
[Black "Lopez Arjona, Emilio"]
[Result "1-0"]
[ECO "B28"]
[WhiteElo "1459"]
[BlackElo "1535"]
[Annotator "NA"]
[PlyCount "71"]
[EventDate "2018.12.14"]
[EventType "swiss"]
[EventCountry "ESP"]
[SourceTitle "playchess.com"]
[Source "ChessBase"]
[SourceQuality "1"]
[TimeControl "40/5400+30:1800+30"]

1. e4 c5 2. Nf3 a6 3. a4 Nf6 4. Nc3 d6 5. h3 Nc6 6. d4 cxd4 7. Nxd4 Qc7 8. Be3 e5 9. Nb3 Be7 10. Be2 O-O 11. O-O b6 12. Nd2 Bb7 13. Nc4 Rab8 14. Bxb6 Qd7 15. Bf3 Rfc8 16. b3 Nb4 17. Ba5 Nc6 18. Nb6 Qe8 19. Nxc8 Rxc8 20. Bb6 Nb4 21. Ba5 Nc6 22. Bb6 Bd8 23. Bxd8 Qxd8 24. Nd5 Nd4 25. c4 Bxd5 26. exd5 Nxb3 27. Qxb3 Nd7 28. Qb4 Nc5 29. Rab1 f5 30. Qb6 Qf6 31. a5 e4 32. Be2 f4 33. Bg4 Rf8 34. Be6+ Kh8 35. Qxd6 Nd3 36. Rb8 1-0

[Event "V Sunway Sitges Open 2018"]
[Site "Sitges"]
[Date "2018.12.20"]
[Round "7"]
[White "Barguer, Alexey"]
[Black "Goris-Schouwstra, Adry"]
[Result "0-1"]
[ECO "A06"]
[WhiteElo "1435"]
[BlackElo "1645"]
[Annotator "NA"]
[PlyCount "84"]
[EventDate "2018.12.14"]
[EventType "swiss"]
[EventCountry "ESP"]
[SourceTitle "playchess.com"]
[Source "ChessBase"]
[SourceQuality "1"]
[TimeControl "40/5400+30:1800+30"]

1. Nf3 d5 2. g3 Nf6 3. Bg2 c6 4. O-O g6 5. c4 Bg7 6. cxd5 cxd5 7. Qa4+ Bd7 8. Qb3 Bc6 9. Ne5 e6 10. Nxc6 Nxc6 11. Qxb7 Na5 12. Qb5+ Nd7 13. Nc3 O-O 14. Rb1 Rb8 15. Qd3 Ne5 16. Qc2 Qd7 17. b3 Rfc8 18. Qd1 d4 19. Na4 d3 20. e3 Qb5 21. Nc3 Qd7 22. Bb2 Nec6 23. Bxc6 Nxc6 24. f4 Ne7 25. e4 a5 26. Rf3 Rb4 27. a3 Rb7 28. e5 Rcb8 29. Ne4 Rxb3 30. Nc5 Qa7 31. Qc1 Rxb2 32. Rxb2 Rxb2 33. Qxb2 Qxc5+ 34. Kg2 Qc4 35. Qb8+ Bf8 36. Qa7 Nc6 37. Qc7 Qd5 38. Kf2 Bc5+ 39. Re3 Bxe3+ 40. Kxe3 Qc5+ 41. Ke4 Qc4+ 42. Kf3 Nd4+ 0-1

[Event "V Sunway Sitges Open 2018"]
[Site "Sitges"]
[Date "2018.12.21"]
[Round "8"]
[White "Kadric, Denis"]
[Black "Sadhwani, Raunak"]
[Result "1-0"]
[ECO "B23"]
[WhiteElo "2554"]
[BlackElo "2434"]
[Annotator "ChessBase"]
[PlyCount "71"]
[EventDate "2018.12.14"]
[EventType "swiss"]
[EventCountry "ESP"]
[SourceTitle "playchess.com"]
[Source "ChessBase"]
[SourceQuality "1"]
[TimeControl "40/5400+30:1800+30"]

1. e4 c5 2. Nc3 d6 3. Nge2 Nf6 4. g3 Nc6 5. Bg2 g6 6. O-O Bg7 7. d3 O-O 8. h3 Rb8 9. f4 Bd7 10. g4 b5 11. Ng3 b4 12. Nce2 Ne8 13. g5 Qb6 14. Kh1 c4 15. f5 a5 16. Rb1 b3 17. axb3 cxb3 18. c3 a4 19. Nf4 Nc7 20. f6 exf6 21. gxf6 Bh8 22. Nd5 Nxd5 23. exd5 Ne5 24. Qd2 Rfe8 25. d4 Nc4 26. Qh6 a3 27. Bg5 a2 28. Ra1 Bg4 29. Rf2 Nxb2 30. Rxb2 Qa5 31. Bd2 Qa3 32. Bc1 Re1+ 33. Kh2 Qxb2 34. Bxb2 Rxa1 35. Ne4 g5 36. hxg4 1-0

[Event "V Sunway Sitges Open 2018"]
[Site "Sitges"]
[Date "2018.12.21"]
[Round "8"]
[White "Kelires, Andreas"]
[Black "Medarde Santiago, Luis Marcos"]
[Result "1/2-1/2"]
[ECO "A45"]
[WhiteElo "2535"]
[BlackElo "2386"]
[Annotator "ChessBase"]
[PlyCount "104"]
[EventDate "2018.12.14"]
[EventType "swiss"]
[EventCountry "ESP"]
[SourceTitle "playchess.com"]
[Source "ChessBase"]
[SourceQuality "1"]
[TimeControl "40/5400+30:1800+30"]

1. d4 Nf6 2. Nc3 d5 3. Bf4 c5 4. e3 cxd4 5. exd4 a6 6. Nf3 Nc6 7. Ne5 Bd7 8. a3 e6 9. Be2 Qb6 10. Nxd7 Nxd7 11. Be3 g6 12. Na4 Qc7 13. b4 Bg7 14. O-O O-O 15. c3 Nb6 16. Nc5 Ne7 17. a4 a5 18. bxa5 Rxa5 19. Qb3 Ra7 20. Bg5 Nc6 21. Rab1 Nd7 22. Nxd7 Qxd7 23. Bb5 Qc7 24. Rfc1 Rc8 25. Qd1 Na5 26. Qf3 Nc4 27. Bf4 Qd8 28. Qg3 Na3 29. Rb3 Nxb5 30. Rxb5 Rxa4 31. Rxb7 Rac4 32. Rbb1 Qa5 33. h4 h5 34. Ra1 Qb5 35. Rcb1 Qc6 36. Bd2 Ra4 37. Qf4 Rxa1 38. Rxa1 Qb7 39. g3 Ra8 40. Rxa8+ Qxa8 41. Qc7 Qa1+ 42. Kg2 Qb1 43. Qd8+ Kh7 44. Be3 Qe4+ 45. Kg1 Qb1+ 46. Kh2 Qf5 47. Qe8 Bh6 48. Bxh6 Qxf2+ 49. Kh1 Qf1+ 50. Kh2 Qf2+ 51. Kh1 Qf1+ 52. Kh2 Qf2+ 1/2-1/2

[Event "V Sunway Sitges Open 2018"]
[Site "Sitges"]
[Date "2018.12.21"]
[Round "8"]
[White "Alonso Rosell, Alvar"]
[Black "Harutyunian, Tigran K."]
[Result "1/2-1/2"]
[ECO "D38"]
[WhiteElo "2524"]
[BlackElo "2528"]
[Annotator "ChessBase"]
[PlyCount "33"]
[EventDate "2018.12.14"]
[EventType "swiss"]
[EventCountry "ESP"]
[SourceTitle "playchess.com"]
[Source "ChessBase"]
[SourceQuality "1"]
[TimeControl "40/5400+30:1800+30"]

1. d4 Nf6 2. Nf3 d5 3. c4 e6 4. Nc3 Bb4 5. Qa4+ Nc6 6. e3 O-O 7. Bd2 dxc4 8. Bxc4 Bd6 9. Qc2 a6 10. Ne4 Bd7 11. Nxf6+ Qxf6 12. Bd3 h6 13. O-O e5 14. Bc3 exd4 15. Nxd4 Be5 16. Be4 Rfe8 17. Bxc6 1/2-1/2

[Event "V Sunway Sitges Open 2018"]
[Site "Sitges"]
[Date "2018.12.21"]
[Round "8"]
[White "Stella, Andrea"]
[Black "Seyb, Alexander"]
[Result "1-0"]
[ECO "D71"]
[WhiteElo "2503"]
[BlackElo "2419"]
[Annotator "ChessBase"]
[PlyCount "65"]
[EventDate "2018.12.14"]
[EventType "swiss"]
[EventCountry "ESP"]
[SourceTitle "playchess.com"]
[Source "ChessBase"]
[SourceQuality "1"]
[TimeControl "40/5400+30:1800+30"]

1. d4 Nf6 2. c4 g6 3. g3 c5 4. Nf3 Bg7 5. Bg2 O-O 6. Nc3 cxd4 7. Nxd4 Qc7 8. b3 d5 9. Ndb5 Qa5 10. Bd2 dxc4 11. bxc4 Qd8 12. O-O a6 13. Na3 Nc6 14. Rb1 Qd6 15. Bc1 Qxd1 16. Rxd1 Rd8 17. Nd5 Nxd5 18. cxd5 Nd4 19. Kf1 b5 20. Be3 Nf5 21. Bb6 Rd7 22. d6 Bb7 23. Bxb7 Rxb7 24. d7 Rxb6 25. d8=Q+ Rxd8 26. Rxd8+ Bf8 27. Nc4 Re6 28. g4 Nh4 29. a4 Re4 30. axb5 axb5 31. Nb6 Kg7 32. f3 Re6 33. Rxb5 1-0